 Dungeon Crawl Stone Soup version 0.31-a0-543-geaa9c7a2c0 (webtiles) character file.

Game seed: 9347295121141355916

161 Ethylacetat the Ducker (level 5, -5/36 HPs)
             Began as an Octopode Gladiator on Aug 15, 2023.
             Slain by a gnoll
             ... wielding a +0 spear
              (8 damage)
             ... on level 4 of the Dungeon.
             The game lasted 00:02:17 (3114 turns).

Ethylacetat the Ducker (Octopode Gladiator)         Turns: 3114, Time: 00:02:17

Health: -5/36      AC:  1    Str: 13    XL:     5   Next: 42%
Magic:  5/5        EV: 15    Int: 10    God:
Gold:   181        SH:  0    Dex: 16    Spells: 4/4 levels left

rFire   . .          .
                       - Unarmed
rCold   . . .        (no shield)
rNeg    . . .        a - +0 hat
rPois   +            (no amulet)
rElec   .            j - ring of poison resistance
rCorr   .            (no ring)
SInv    .            (no ring)
Will    .....        (no ring)
Stlth   ++           (no ring)
HPRegen 0.26/turn    (no ring)
MPRegen 0.09/turn    (no ring)
                     (no ring)

%: no passive effects
@: no status effects
A: almost no armour, amphibious, 8 rings, camouflage 1, gelatinous body 1,
(nimble swimmer 1), tentacles
a: no special abilities


You were on level 4 of the Dungeon.
You visited 1 branch of the dungeon, and saw 4 of its levels.

You collected 181 gold pieces.

Inventory:

Missiles
 b - 3 throwing nets (quivered)
 c - a javelin
Armour
 a - a +0 hat (worn)
Jewellery
 j - a ring of poison resistance (left tentacle)
Wands
 p - a wand of digging (3)
Scrolls
 d - a scroll of fog {unknown}
 g - a scroll of blinking {unknown}
 i - a scroll of revelation {unknown}
 k - 4 scrolls of teleportation {unknown}
 m - a scroll of enchant weapon {unknown}
 q - a scroll of torment {unknown}
Potions
 e - 3 potions of heal wounds {unknown}
 f - 2 potions of curing {unknown}
 h - a potion of berserk rage {unknown}
 l - a potion of resistance {unknown}
 n - a potion of invisibility {unknown}
 o - a potion of mutation {unknown}


   Skills:
 + Level 3.5 Fighting
 - Level 2.0 Throwing
 + Level 4.1 Dodging
 + Level 4.1 Unarmed Combat


You had 4 spell levels left.
You didn't know any spells.
Your spell library contained the following spells:

 Spells                   Type           Power      Damage    Failure   Level
 Freeze                   Ice            0%         1d3       36%         1
 Blink                    Tloc           0%         N/A       50%         2
 Lesser Beckoning         Tloc           0%         N/A       50%         2
 Momentum Strike          Conj/Tloc      0%         3d8       50%         2
 Frozen Ramparts          Ice            0%         1d1       75%         3
 Hailstorm                Conj/Ice       0%         3d3       75%         3


Dungeon Overview and Level Annotations

Branches:
Dungeon (4/15)
 Temple: D:4-7

Altars:
Makhleb
Ru
Wu Jian
Yredelemnul


Innate Abilities, Weirdness & Mutations

You cannot wear most types of armour.
You are amphibious.
You can wear up to eight rings at the same time.
Your skin changes colour to match your surroundings (Stealth+).
Your rubbery body absorbs attacks. (AC +1, EV +1)
((You are camouflaged when in or above water. (Stealth+)))
You have tentacles for arms and can constrict up to eight enemies at once.


Message History

You tentacle-slap the iguana but do no damage.
The iguana is severely wounded.
You constrict the iguana. The iguana bites you.
* * * LOW HITPOINT WARNING * * *
You tentacle-slap the iguana but do no damage.
You squeeze the iguana.
You kill the iguana!
HP restored.
p - a wand of digging (3)
q - a scroll labelled RYWKOXKITZO No target in view!
A gnoll comes into view. It is wielding a +0 whip.
A gnoll comes into view. It is wielding a +0 spear.
There are monsters nearby! 2 gnolls come into view.
A gnoll is wielding a +0 whip.
Found 12 gold pieces.
The gnoll shouts! x4
There are monsters nearby!
The gnoll closely misses you.
There are monsters nearby!
Found 18 gold pieces.
The gnoll hits you with a +0 spear!
The teleport trap disappears.
The gnoll disappears!
The gnoll misses you.
You tentacle-slap the gnoll. You grab the gnoll.
The gnoll is heavily wounded.
You constrict the gnoll, but do no damage.
The gnoll misses you. The gnoll barely misses you.
You tentacle-slap the gnoll.
The gnoll is severely wounded.
You constrict the gnoll. The gnoll closely misses you.
The gnoll hits you with a +0 spear! The gnoll hits you with a +0 whip!
* * * LOW HITPOINT WARNING * * *
You are too injured to fight recklessly!
You are too injured to fight recklessly!
You are too injured to fight recklessly!
You tentacle-slap the gnoll.
You kill the gnoll!
The gnoll hits you with a +0 club.
* * * LOW HITPOINT WARNING * * *
The gnoll hits you with a +0 spear!
You die...

...... ######....$#
......## #..........#
...... #..........# ..
.... #.......... ....
#). #......... ....###.
#.......# .........†
#...)g..# ...####..)
.#...g@..######..##....
...$...............#.#..
...................#.#..
........................
....###.............>...
.... #.................
... ###########.......
.. #....... #.......


You could see 2 gnolls.

Vanquished Creatures
  An iguana (D:4)
  Jessica (D:3)
  A gnoll (D:4)
  2 adders
  2 worms (D:3)
  2 dart slugs
  An orc (D:3)
  7 bats
  7 endoplasms
  A giant cockroach (D:1)
  8 goblins
  7 hobgoblins
  4 jackals
  3 quokkas
  6 ball pythons
  2 frilled lizards
  13 kobolds
  4 rats
72 creatures vanquished.

Notes
Turn   | Place    | Note
-------+----------+-------------------------------------------
     0 | D:1      | Ethylacetat the Octopode Gladiator began the quest for the
                  | Orb.
     0 | D:1      | Reached XP level 1. HP: 14/14 MP: 1/1
   313 | D:1      | Reached XP level 2. HP: 19/19 MP: 2/2
   974 | D:2      | Reached XP level 3. HP: 22/25 MP: 3/3
  1612 | D:2      | Reached XP level 4. HP: 30/30 MP: 4/4
  2153 | D:3      | Found a sacrificial altar of Ru.
  2171 | D:3      | Found an ornate altar of the Wu Jian Council.
  2202 | D:3      | Found a basalt altar of Yredelemnul.
  2205 | D:3      | Found a burning altar of Makhleb.
  2518 | D:3      | Noticed Jessica
  2527 | D:3      | Killed Jessica
  2528 | D:3      | Reached XP level 5. HP: 16/36 MP: 5/5
  3114 | D:4      | Slain by a gnoll

Illustrated notes

Levels and vault maps discovered:
D:1:      dpeg_arrival_chambers_temple_mockup, layout_loops_cross,
          minmay_misc_feat_x, minmay_misc_feat_plants, minmay_misc_feat_rugged
D:2:      layout_basic, st_stairs_6, lexackson_kobold_supper
D:3:      layout_basic, grunt_temple_overflow_cloverleaf, uniq_jessica
D:4:      layout_basic, minmay_diced_spiral

Skill      XL: |  1  2  3  4  5 |
---------------+----------------+-----
Fighting       | 3 |  3.5
Unarmed Combat | 4 |  4.1
Dodging        | 4 |  4.1
Throwing       | |  2.0

Action                     |  1- 3 |  4- 6 || total
---------------------------+-------+-------++-------
  Melee: Unarmed           |    88 |    63 ||   151
         Tentacles         |    17 |    21 ||    38
         Constrict         |    24 |    18 ||    42
         Punch             |     2 |     2 ||     4
   Stab: Sleeping          |     5 |     8 ||    13
         Distracted        |       |     1 ||     1
 Armour: Skin              |     9 |     1 ||    10
  Dodge: Dodged            |    61 |    36 ||    97

Table legend: (Time is in decaauts)
 A = Elapsed time spent in this place.
 B = Non-inter-level travel time spent in this place.
 C = Inter-level travel time spent in this place.
 D = Time resting spent in this place.
 E = Time spent auto-exploring this place.
 F = Levels seen in this place.
 G = Mean time per level.
                   A        B        C        D        E       F      G
               +--------+--------+--------+--------+--------+-----+--------+
         Total |   3102 |   2954 |    148 |      0 |   2559 |   4 |  775.5 |
       Dungeon |   3102 |   2954 |    148 |      0 |   2559 |   4 |  775.5 |
               +--------+--------+--------+--------+--------+-----+--------+

Top non-repeatable levels by time:
     D:3: 1195 daAuts
     D:1: 959 daAuts
     D:2: 790 daAuts
     D:4: 157 daAuts
